 Dungeon Crawl Stone Soup version 0.29.1-13-g9f3cf754e1 (webtiles) character file.

Game seed: 10965658610634381873

1112 theswoord the Firebug (level 8, -4/78 HPs)
             Began as a Demonspawn Fire Elementalist on Jan 24, 2023.
             Was an Initiate of Vehumet.
             Killed from afar by Maggie (24 damage)
             ... with a bolt of fire
             ... on level 6 of the Dungeon.
             The game lasted 00:16:09 (5754 turns).

theswoord the Firebug (DsFE)                        Turns: 5754, Time: 00:16:10

Health: -4/78      AC: 24    Str:  5    XL:     8   Next: 11%
Magic:  14/15      EV:  2    Int: 18    God:    Vehumet [......]
Gold:   151        SH:  0    Dex: 18    Spells: 9/16 levels left

rFire   . . .      SeeInvis .   g - +0 whip
rCold   . . .      Faith    .   (no shield)
rNeg    . . .      Spirit   .   (body armour currently unavailable)
rPois   +          Reflect  .   (helmet currently unavailable)
rElec   .          Harm     .   (cloak currently unavailable)
rCorr   .          Rampage  .   (gloves currently unavailable)
Will    .....      NoTele   +   (boots currently unavailable)
Stlth   +.........              (no amulet)
HPRegen 0.23/turn               (no ring)
MPRegen 0.14/turn               (no ring)

@: confused, mighty, agile, tree-form, mesmerised
A: stationary, stasis, torment immunity, boosted hp, (antennae 1), (claws 1),
(hooves 1), ignite blood 2, powered by pain 1, (iridescent scales 1), agile 1,
weak 1
a: Renounce Religion


You were on level 6 of the Dungeon.
You worshipped Vehumet.
Vehumet was noncommittal.
You were a tree.
You visited 2 branches of the dungeon, and saw 7 of its levels.

You collected 275 gold pieces.
You spent 124 gold pieces at shops.

Inventory:

Hand Weapons
 f - a +0 hand axe
 g - a +0 whip (weapon)
 n - a +2 vorpal glaive
Armour
 a - a +0 robe (melded)
 h - a +2 chain mail of fire resistance
 m - a +2 pair of boots (melded)
 o - a +0 helmet
Jewellery
 e - a ring of flight
 k - a +6 ring of intelligence
 r - a +4 ring of slaying
 t - a ring of protection from cold
 v - an amulet of the acrobat
Wands
 j - a wand of iceblast (5)
 s - a wand of charming (3)
 w - a wand of mindburst (12)
Scrolls
 d - 2 scrolls of teleportation
 i - 2 scrolls of enchant armour
 u - 3 scrolls of magic mapping
Potions
 b - 2 potions of magic
 c - a potion of resistance
 p - a potion of heal wounds


   Skills:
 - Level 1.7 Dodging
 - Level 1.7 Stealth
 + Level 4.7 Spellcasting
 + Level 4.7 Conjurations
 * Level 6.8 Fire Magic


You had 9 spell levels left.
You knew the following spells:

 Your Spells              Type           Power      Damage    Failure   Level
a - Foxfire               Conj/Fire      100%       2x1d9     1%          1
b - Scorch                Fire           56%        2d8       1%          2
c - Flame Wave            Conj/Fire      25%        2d8       13%         4

Your spell library contained the following spells:

 Spells                   Type           Power      Damage    Failure   Level
 Conjure Flame            Conj/Fire      25%        6-21      3%          3
 Inner Flame              Hex/Fire       16%        N/A       10%         3


Dungeon Overview and Level Annotations

Branches:
Dungeon (6/15)             Temple (1/1) D:4

Altars:
Ashenzari
Cheibriados
Dithmenos
Fedhas
Gozag
Hepliaklqana
Kikubaaqudgha
Nemelex Xobeh
Okawaru
Ru
Sif Muna
Trog
Uskayaw
Vehumet
Wu Jian
Xom
Yredelemnul

Shops:
D:4 **

Annotations:
D:6 Maggie


Innate Abilities, Weirdness & Mutations

You are a tree.
Your roots penetrate the ground, keeping you stationary.
You cannot be teleported.
You are immune to unholy pain and torment.
Your maximum health is greatly increased.
Your equipment is partially melded.
((You have a pair of small antennae on your head.))
((You have sharp fingernails.))
((You have large cloven feet.))
Your demonic aura often causes spilled blood to erupt in flames.
You sometimes gain a little power by taking damage.
((You are partially covered in iridescent scales. (AC +2)))
You are agile. (Dex +4, Str/Int -1)
You are weak. (Str -2)


Message History

The ice beast barely misses you.
It was a potion of might.
You feel very mighty all of a sudden.
Maggie seems less brilliant.
The ice beast misses you. Maggie hits you with a +0 long sword!
It was a potion of lignification.
You turn into a tree.
Your +2 pair of boots melds into your body.
Your +0 robe melds into your body.
Your roots penetrate the ground.
You break out of your daze.
The ice beast hits you. The ice beast freezes you!
* * * LOW HITPOINT WARNING * * *
Maggie hits you but does no damage.
You cannot move. (Use ctrl+direction or * direction to attack while stationary and confused.) Unknown command.
You cannot move. (Use ctrl+direction or * direction to attack while stationary and confused.) You're too confused to cast spells.
You cannot move. (Use ctrl+direction or * direction to attack while stationary and confused.)
You attack the rock wall.
The ice beast hits you.
* * * LOW HITPOINT WARNING * * *
The ice beast freezes you!
* * * LOW HITPOINT WARNING * * *
Maggie hits you but does no damage.
The ice beast hits you but does no damage.
You closely miss Maggie.
Maggie is lightly wounded.
Maggie casts a spell.
Maggie attempts to bespell you!
You are mesmerised by Maggie!
The ice beast hits you but does no damage.
You hit the ice beast.
You kill the ice beast!
Vehumet accepts your kill.
Maggie zaps a wand.
Your will is overpowered!
You are more confused.
You swing at nothing.
Maggie barely misses you.
You closely miss Maggie.
Maggie is lightly wounded.
Maggie gestures at you while chanting. The bolt of fire hits you!!
You die...

~~~~♣..........# ........
~~PP~~.........# ......
~~P~P~.........# ....
...............########.#########
~~~~~♣...........................
P~~P~......####..P.P..._..PPPP..#
~P~~.....................$.......
~♣♣............#........#########
...............#♣.......#
...............#@.......#
...##...########........# ...#
#.....<..# #........# ####.#####
#.# #.# ..#


You could see Maggie (mesmerising).

Vanquished Creatures
  A sky beast (D:6)
  2 ice beasts (D:6)
  A centaur (D:5)
  A necrophage (D:6)
  2 scorpions (D:5)
  An electric eel (D:6)
  2 orc priests (D:5)
  6 hounds
  4 iguanas
  7 adders
  A gnoll (D:2)
  An ufetubus (D:6)
  2 dart slugs
  5 orcs
  8 endoplasms
  3 giant cockroaches
  7 goblins
  4 hobgoblins
  3 jackals (D:3)
  5 kobolds
  2 quokkas
  10 ball pythons
  8 bats
  5 frilled lizards
  2 rats
93 creatures vanquished.

Vanquished Creatures (collateral kills)
  3 gnolls (D:2)
  An adder (D:2)
  A giant cockroach (D:2)
  A ball python (D:2)
  A rat (D:2)
  3 foxfires (D:6)
10 creatures vanquished.

Vanquished Creatures (others)
  210 foxfires
  2 fungi (D:6)
  34 plants (D:6)
246 creatures vanquished.

Grand Total: 349 creatures vanquished

Notes
Turn   | Place    | Note
-------+----------+-------------------------------------------
     0 | D:1      | theswoord the Demonspawn Fire Elementalist began the quest
                  | for the Orb.
     0 | D:1      | Reached XP level 1. HP: 13/13 MP: 3/3
   453 | D:1      | Reached skill level 3 in Fire Magic
   512 | D:1      | Discovered your monstrous ancestry.
   512 | D:1      | Gained mutation: You have sharp fingernails. [demonic
                  | ancestry]
   512 | D:1      | Reached XP level 2. HP: 19/19 MP: 3/5
  1023 | D:2      | Gained mutation: Your demonic aura sometimes causes spilled
                  | blood to erupt in flames. [demonic ancestry]
  1023 | D:2      | Reached XP level 3. HP: 24/24 MP: 6/6
  1044 | D:2      | Reached XP level 4. HP: 20/30 MP: 7/7
  1697 | D:2      | Found a faded altar of an unknown god.
  2082 | D:3      | Learned a level 2 spell: Scorch
  2140 | D:3      | Reached skill level 4 in Fire Magic
  3042 | D:4      | Found Ficvistaec's Assorted Antiques.
  3045 | D:4      | Bought a shiny bronze wand for 124 gold pieces
  3045 | D:4      | Gained mutation: Your muscles are strong. (Str +4, Int/Dex
                  | -1) [potion of mutation]
  3046 | D:4      | Lost mutation: Your muscles are strong. (Str +4, Int/Dex
                  | -1) [potion of mutation]
  3046 | D:4      | Gained mutation: You are weak. (Str -2) [potion of
                  | mutation]
  3046 | D:4      | Gained mutation: You are agile. (Dex +4, Str/Int -1)
                  | [potion of mutation]
  3046 | D:4      | Gained mutation: You are partially covered in iridescent
                  | scales. (AC +2) [potion of mutation]
  3066 | D:4      | Found a staircase to the Ecumenical Temple.
  3164 | Temple   | Entered the Ecumenical Temple
  3262 | D:4      | Gained mutation: You sometimes gain a little power by
                  | taking damage. [demonic ancestry]
  3262 | D:4      | Reached XP level 5. HP: 35/35 MP: 3/9
  3445 | D:4      | Found Tar Ziwuege's Lightly-Used Armoury.
  3675 | D:4      | Found a glowing drain.
  3724 | D:4      | Found a basalt altar of Yredelemnul.
  3781 | D:4      | Gained mutation: You have large cloven feet. [demonic
                  | ancestry]
  3781 | D:4      | Reached XP level 6. HP: 33/41 MP: 0/10
  4097 | D:5      | Entered Level 5 of the Dungeon
  4420 | D:5      | Found a sacrificial altar of Ru.
  4422 | D:5      | Found an opulent altar of Gozag.
  4431 | D:5      | Reached skill level 5 in Fire Magic
  4523 | D:5      | Found a hide-covered altar of Uskayaw.
  4526 | D:5      | Found an ornate altar of the Wu Jian Council.
  4526 | D:5      | Found a radiant altar of Vehumet.
  4529 | D:5      | Found a blossoming altar of Fedhas.
  4532 | D:5      | Found an iron altar of Okawaru.
  4534 | D:5      | Became a worshipper of Vehumet
  4807 | D:5      | Gained mutation: Your demonic aura often causes spilled
                  | blood to erupt in flames. [demonic ancestry]
  4807 | D:5      | Reached XP level 7. HP: 29/46 MP: 5/12
  4815 | D:5      | Learned a level 4 spell: Flame Wave
  5457 | D:6      | Reached skill level 6 in Fire Magic
  5645 | D:6      | Found a hazy altar of Hepliaklqana.
  5669 | D:6      | Gained mutation: You have a pair of small antennae on your
                  | head. [demonic ancestry]
  5669 | D:6      | Reached XP level 8. HP: 52/52 MP: 0/14
  5723 | D:6      | Noticed Maggie
  5754 | D:6      | Killed from afar by Maggie

Skill      XL: |  1  2  3  4  5  6  7 |
---------------+----------------------+-----
Fire Magic     | 3 4 5 6 |  6.8
Conjurations   | 2 3 4 |  4.7
Spellcasting   | 3 4 |  4.7
Dodging        | |  1.7
Stealth        | |  1.7

Action                   |  1- 3 |  4- 6 |  7- 9 || total
-------------------------+-------+-------+-------++-------
Melee: Whip              |    19 |    37 |    16 ||    72
       Hand axe          |     1 |       |       ||     1
       Glaive            |       |    36 |       ||    36
       Punch             |       |     1 |       ||     1
 Cast: Foxfire           |    19 |    82 |    28 ||   129
       Scorch            |       |    11 |    13 ||    24
       Flame Wave        |       |       |     1 ||     1
  Use: Scroll            |     2 |     9 |       ||    11
       Potion            |       |     2 |     3 ||     5
 Stab: Sleeping          |     1 |     4 |       ||     5
Armor: Robe              |     8 |    33 |    20 ||    61
       Skin              |       |       |     4 ||     4
Dodge: Dodged            |    20 |    71 |    25 ||   116

Levels and vault maps discovered:
D:1:      dpeg_arrival_round_c, layout_basic
D:2:      layout_loops_ring, shapermc_ecumenical_altar_petra
D:3:      layout_basic, grunt_decor_cap
D:4:      layout_rooms, lemuel_doored_altar, lemuel_temple_firewalk_b,
          gup_sewer_entry_glass, serial_shops, kennysheep_mini,
          minmay_shop_damaged
D:5:      layout_loops_ring, nicolae_overflow_hallway_of_the_gods
D:6:      layout_basic, mainiacjoe_overflow_boulevard, serial_bayou,
          serial_bayou_shore_a, serial_bayou_pond_a, serial_bayou_lagoon_b,
          serial_bayou_lake_a, uniq_maggie
Temple:   nicolae_temple_cloud_nine
